 Dungeon Sprint DCSS version 0.19-a0-1224-g978f909 (webtiles) character file.

7400000 Deeps the Invulnerable (level 27, -18/295 (298) HPs)
             Began as a Deep Dwarf Fighter on Aug 25, 2016.
             Was the Champion of Makhleb.
             Demolished by a destroyer
             ... wielding a +9 great sword of slicing
              (141 damage)
             ... in the Dungeon (Sprint VIII: "Arena of Blood").
             The game lasted 00:02:09 (74 turns).

Deeps the Invulnerable (Deep Dwarf Fighter)           Turns: 74, Time: 00:02:10

HP:   -18/295 (298) AC: 13    Str: 33    XL:     27
MP:   33/54         EV: 26    Int:  9    God:    Makhleb [******]
Gold: 0             SH:  0    Dex: 12    Spells: 0 memorised, 80 levels left

rFire  . . .     SeeInvis +     m - +∞ Axe of Woe
rCold  . . .     Gourm    .     b - +0 scale mail
rNeg   + . .     Faith    .     (shield currently unavailable)
rPois  .         Spirit   .     (no helmet)
rElec  .         Dismiss  .     (no cloak)
rCorr  .         Reflect  .     (no gloves)
MR     ++++.     Harm     .     (no boots)
Stlth  ++++++++.. NoTele   +    (no amulet)
                                o - +250 ring of slaying
                                n - ring of see invisible

@: lethally poisoned (-18 -> -32), non-regenerating, drained
A: damage resistance, recharge devices, negative energy resistance 1, sense
surroundings 3, slow regeneration 3
a: Device Recharging, Minor Destruction, Lesser Servant of Makhleb, Major
Destruction, Greater Servant of Makhleb, Renounce Religion


You were in the Dungeon.
You worshipped Makhleb.
Makhleb was exalted by your worship.
You were not hungry.

You visited 1 branch

Inventory:

Hand Weapons
 a - a +0 war axe
 m - the +∞ Axe of Woe (weapon)
   (You found it in the Dungeon)
Armour
 b - a +0 scale mail (worn)
 c - a +0 shield
Jewellery
 n - a ring of see invisible (left hand)
 o - a +250 ring of slaying (right hand)
Wands
 e - a wand of heal wounds (5/9)
Scrolls
 l - a scroll of blinking
Potions
 d - a potion of might
 g - a potion of curing
 h - a potion of heal wounds
 i - a potion of haste
 j - 2 potions of magic
 k - a potion of berserk rage
Comestibles
 f - a bread ration


   Skills:
 O Level 27(26.7) Fighting
 O Level 27(26.7) Axes
 O Level 27(26.7) Throwing
 O Level 27(26.7) Armour
 O Level 27(26.7) Dodging
 O Level 27(26.7) Stealth
 O Level 27(26.7) Shields
 O Level 27(26.7) Unarmed Combat
 O Level 27(26.7) Spellcasting
 O Level 27(26.7) Invocations
 O Level 27(26.7) Evocations


You had 80 spell levels left.
You didn't know any spells.

Dungeon Overview and Level Annotations

Branches:
Dungeon (1/1)

Altars:
Makhleb


Innate Abilities, Weirdness & Mutations

You are resistant to damage.
You can recharge devices by infusing magical energy.
You resist negative energy. (rN+)
You passively map a large area around you.
You do not regenerate.


Message History

The eight-headed meat hydra calls on the powers of darkness!
The eight-headed meat hydra convulses!
Your body is wracked with pain!
You hear a shout! x3
The destroyer blinks!
You hear a shout! x2
Unknown command.
Unknown command.
Unknown command.
You feel very sick.
You hear a shout!
The tyrant touches you. You partially resist.
You feel drained. The meat beast bites you. The meat beast tramples you!
You hold your ground!
You hear a shout!
The meat beast bites you! The meat beast tramples you.
You hold your ground!
You hear a shout!
The corpses begin to drag themselves along the ground!
The tyrant touches you!
You hear a shout!
The destroyer hits you with a +9 great sword of slicing!!!!!
You die...

, , ,
,o..#%...§)%#.%... ,,,
, , ,
.....#....)))#%.... ,,
, ...........)).......
, #.......))))).....#.
, ,
......%.)).).....#..,,*
,*
#...W%D.))))...##%.., *
, * ..z.#...).)..#.....
, ,
,,,....§..L.V.).%#...##
,, , , *,
,§..§##.#@2x........
,,, .......2x).........
* ####...)#)))..####
**** .......x.))%....#.
,, , .........)))......
,, **
*###..........%....***
################


You could see 2 meat beasts, a tyrant, an eight-headed meat hydra, a destroyer,
a sculptor of flesh, a dread and 3 crawling corpses.

Vanquished Creatures
  4 hell beasts (D)
  2 greater mummies (D)
  Harold (D)
  5 vampire knights (D)
  21 ogres (D)
  2 hydras (D)
  39 orcs (D)
  6 hill giants (D)
  2 skeletal warriors (D)
  3 large abominations (D)
  2 small abominations (D)
  A crawling corpse (D)
88 creatures vanquished.

Vanquished Creatures (others)
  6 orcs (D)
  8 crawling corpses (D)
14 creatures vanquished.

Grand Total: 102 creatures vanquished

Notes
Turn   | Place    | Note
-------+----------+-------------------------------------------
     0 | D        | Deeps the Deep Dwarf Fighter began the quest for the Orb.
     0 | D        | Reached XP level 1. HP: 20/20 MP: 1/1
     2 | D        | Noticed a bag of meat
     3 | D        | Noticed a bag of meat
     4 | D        | Noticed a bag of meat
     5 | D        | Noticed a bag of meat
     6 | D        | Noticed a bag of meat
     6 | D        | Noticed a meat berserker
     6 | D        | Noticed a bag of meat
     7 | D        | Killed a meat berserker
     7 | D        | Reached XP level 2. HP: 56/56 MP: 2/2
     7 | D        | Reached XP level 3. HP: 63/63 MP: 3/3
     7 | D        | Reached XP level 4. HP: 72/72 MP: 4/4
     7 | D        | Reached XP level 5. HP: 80/80 MP: 5/5
     7 | D        | Reached XP level 6. HP: 88/88 MP: 6/6
     7 | D        | Reached XP level 7. HP: 96/96 MP: 7/7
     7 | D        | Reached XP level 8. HP: 104/104 MP: 8/8
     7 | D        | Gained mutation: You passively map the area around you. [Deep Dwarf growth]
     7 | D        | Reached XP level 9. HP: 112/112 MP: 9/9
     7 | D        | Reached XP level 10. HP: 121/121 MP: 10/10
     7 | D        | Reached XP level 11. HP: 128/128 MP: 11/11
     7 | D        | Reached XP level 12. HP: 136/136 MP: 12/12
     7 | D        | Reached XP level 13. HP: 144/144 MP: 13/13
     8 | D        | Noticed a meat berserker
     8 | D        | Noticed a bag of meat
     8 | D        | Noticed a meat berserker
     8 | D        | Noticed a meat berserker
     8 | D        | Noticed a bag of meat
     9 | D        | Killed a meat berserker
     9 | D        | Gained mutation: You resist negative energy. (rN+) [Deep Dwarf growth]
     9 | D        | Reached XP level 14. HP: 122/160 MP: 14/14
     9 | D        | Killed a bag of meat
     9 | D        | Killed a bag of meat
     9 | D        | Reached XP level 15. HP: 133/175 MP: 15/15
     9 | D        | Reached skill level 15 in Axes
    11 | D        | Reached skill level 27 in Armour
    11 | D        | Reached XP level 16. HP: 132/190 MP: 16/16
    12 | D        | Noticed a meat berserker
    12 | D        | Killed a meat berserker
    12 | D        | Reached skill level 27 in Shields
    12 | D        | Killed a meat berserker
    12 | D        | Reached skill level 27 in Fighting
    12 | D        | Reached skill level 27 in Axes
    12 | D        | Reached XP level 17. HP: 92/208 MP: 17/17
    12 | D        | Reached skill level 5 in Throwing
    12 | D        | Reached skill level 5 in Unarmed Combat
    13 | D        | Noticed a meat berserker
    13 | D        | Reached skill level 10 in Evocations
    13 | D        | Killed a meat berserker
    13 | D        | Reached skill level 15 in Stealth
    13 | D        | Reached skill level 10 in Spellcasting
    13 | D        | Gained mutation: You passively map a large area around you. [Deep Dwarf growth]
    13 | D        | Reached XP level 18. HP: 96/218 MP: 17/32
    14 | D        | Became a worshipper of Makhleb the Destroyer
    17 | D        | Killed a meat berserker
    17 | D        | Reached * piety under Makhleb
    17 | D        | Reached skill level 27 in Stealth
    17 | D        | Reached XP level 19. HP: 100/226 MP: 17/33
    18 | D        | Noticed a meat berserker
    18 | D        | Reached skill level 15 in Dodging
    18 | D        | Reached skill level 10 in Invocations
    18 | D        | Reached ** piety under Makhleb
    19 | D        | Reached skill level 15 in Throwing
    19 | D        | Reached skill level 15 in Unarmed Combat
    20 | D        | Noticed a meat berserker
    20 | D        | Reached *** piety under Makhleb
    20 | D        | Reached skill level 15 in Spellcasting
    20 | D        | Reached XP level 20. HP: 213/236 MP: 18/39
    21 | D        | Noticed a meat berserker
    22 | D        | Noticed a meat berserker
    22 | D        | Killed a meat berserker
    24 | D        | Noticed a meat berserker
    25 | D        | Noticed a destroyer
    25 | D        | Killed a meat berserker
    25 | D        | Reached **** piety under Makhleb
    25 | D        | Reached XP level 21. HP: 244/244 MP: 19/43
    28 | D        | Reached skill level 27 in Dodging
    29 | D        | Reached ***** piety under Makhleb
    29 | D        | Reached skill level 27 in Evocations
    31 | D        | Reached skill level 27 in Invocations
    31 | D        | Reached XP level 22. HP: 254/254 MP: 21/47
    33 | D        | Noticed a destroyer
    35 | D        | Reached ****** piety under Makhleb
    37 | D        | Noticed The Servant
    37 | D        | Reached skill level 27 in Throwing
    37 | D        | Reached skill level 27 in Unarmed Combat
    38 | D        | Killed a destroyer
    38 | D        | Reached skill level 27 in Spellcasting
    38 | D        | Reached XP level 23. HP: 262/262 MP: 22/54
    42 | D        | Killed a destroyer
    42 | D        | Reached XP level 24. HP: 272/272 MP: 23/54
    55 | D        | Noticed a destroyer
    56 | D        | Noticed an accursed
    56 | D        | Killed The Servant
    56 | D        | Reached XP level 25. HP: 164/280 MP: 28/54
    60 | D        | Killed an accursed
    60 | D        | Reached XP level 26. HP: 217/290 MP: 29/54
    60 | D        | Killed a destroyer
    61 | D        | Noticed a meat beast
    62 | D        | Noticed an accursed
    62 | D        | Killed a meat beast
    62 | D        | Reached XP level 27. HP: 298/298 MP: 29/54
    63 | D        | Noticed a destroyer
    63 | D        | Noticed a meat beast
    64 | D        | Killed a meat beast
    66 | D        | Noticed a tyrant
    66 | D        | Noticed a meat beast
    66 | D        | Noticed a meat beast
    67 | D        | Noticed a dread
    67 | D        | Killed a meat beast
    69 | D        | Killed a destroyer
    70 | D        | Noticed a destroyer
    70 | D        | Noticed a meat beast
    70 | D        | Noticed a destroyer
    71 | D        | Noticed a meat beast
    71 | D        | Killed a meat beast
    73 | D        | Killed an accursed
    73 | D        | Killed a destroyer
    74 | D        | Demolished by a destroyer

Vault maps used:
D:        meatsprint

Skill      XL: |  1  2  3  4  5  6  7  8  9 10 11 12 13 14 15 16 17 18 19 20 21 22 |
---------------+-------------------------------------------------------------------+-----
Fighting       | 17 19 21 24 27 | 27.0
Axes           | 11 13 14 17 27 | 27.0
Armour         | 19 22 24 27 | 27.0
Shields        | 19 22 24 26 27 | 27.0
Throwing       | 11 16 20 22 27 | 27.0
Dodging        | 13 19 23 27 | 27.0
Stealth        | 15 27 | 27.0
Unarmed Combat | 11 16 20 22 27 | 27.0
Spellcasting   | 10 15 18 21 27 | 27.0
Evocations     | 14 21 26 27 | 27.0
Invocations    | 17 23 27 | 27.0

Action                   |  1- 3 |  4- 6 |  7- 9 | 10-12 | 13-15 | 16-18 | 19-21 | 22-24 | 25-27 || total
-------------------------+-------+-------+-------+-------+-------+-------+-------+-------+-------++-------
Melee: Executioner's axe |     1 |       |       |       |     2 |     4 |     9 |    10 |    10 ||    36
Armor: Scale mail        |       |       |       |       |       |       |       |     1 |     2 ||     3
Dodge: Dodged            |       |       |       |       |       |     1 |       |     4 |     3 ||     8
